 Dungeon Crawl Stone Soup version 0.19.1-1-g22dce08 (webtiles) character file.

2417 Gargoyl the Chopper (level 9, -2/75 HPs)
             Began as a Ghoul Abyssal Knight on Dec 31, 2016.
             Was a Priest of Lugonu.
             Slain by an ogre
             ... wielding a +0 giant club
              (12 damage)
             ... on level 9 of the Dungeon.
             The game lasted 00:17:25 (6911 turns).

Gargoyl the Chopper (Ghoul Abyssal Knight)          Turns: 6911, Time: 00:17:26

Health: -2/75      AC: 22    Str: 17    XL:     9   Next: 47%
Magic:  8/12       EV:  6    Int:  7    God:    Lugonu [***...]
Gold:   396        SH:  5    Dex: 10    Spells: 0 memorised, 8 levels left

rFire  . . .     SeeInvis .     q - +0 war axe
rCold  + . .     Gourm    .     f - +0 plate armour
rNeg   + + +     Faith    .     (no shield)
rPois  ∞         Spirit   .     D - +1 helmet
rElec  .         Reflect  +     v - +0 cloak
rCorr  .         Harm     .     g - +1 pair of gloves
MR     .....                    l - +2 pair of boots
Stlth  ..........               E - +5 amulet of reflection
                                (no ring)
                                (no ring)

@: rotting
A: rotting body, claws 1, carnivore 3, cold resistance 1, negative energy
resistance 3, slow regeneration 1, torment resistance, unbreathing
a: Depart the Abyss, Bend Space, Banish, Renounce Religion


You were on level 9 of the Dungeon.
You worshipped Lugonu.
Lugonu was most pleased with you.
You were not hungry.

You visited 1 branch of the dungeon, and saw 9 of its levels.
You visited the Abyss 1 time.

You collected 396 gold pieces.

Inventory:

Hand Weapons
 a - a +1 hand axe
 q - a +0 war axe (weapon)
 r - a +0 war axe
Missiles
 k - a silver tomahawk (quivered)
 B - a tomahawk of returning
Armour
 f - a +0 plate armour (worn)
 g - a +1 pair of gloves (worn)
 l - a +2 pair of boots (worn)
 v - a +0 cloak (worn)
 D - a +1 helmet (worn)
Jewellery
 C - an uncursed ring of protection from cold {unknown}
 E - a +5 amulet of reflection (around neck)
Wands
 p - a wand of acid (10/15)
 s - a wand of digging (6/24)
Scrolls
 e - 2 scrolls of fear
 j - a scroll of teleportation
 t - 5 scrolls of remove curse
 u - a scroll of magic mapping
Potions
 i - a potion of cancellation {unknown}
 m - a potion of degeneration {unknown}
 n - a potion of haste
 o - a potion of magic
 x - a potion of invisibility
 z - a potion of flight {unknown}
Books
 d - a book of Minor Magic

   Spells                             Type                      Level
   a - Magic Dart                     Conjuration                  1
   b - Blink                          Translocation                2
   c - Call Imp                       Summoning                    2
   d - Repel Missiles                 Charms/Air                   2
   e - Slow                           Hexes                        2
   f - Conjure Flame                  Conjuration/Fire             3
   g - Mephitic Cloud                 Conjuration/Poison/Air       3
 h - a book of Battle

   Spells                             Type                      Level
   a - Infusion                       Charms                       1
   b - Shroud of Golubria             Charms/Translocation         2
   c - Song of Slaying                Charms                       2
   d - Spectral Weapon                Hexes/Charms                 3
   e - Regeneration                   Charms/Necromancy            3
 y - a Young Poisoner's Handbook

   Spells                             Type                      Level
   a - Sting                          Conjuration/Poison           1
   b - Mephitic Cloud                 Conjuration/Poison/Air       3
   c - Olgreb's Toxic Radiance        Poison                       4
   d - Alistair's Intoxication        Transmutation/Poison         5
   e - Venom Bolt                     Conjuration/Poison           5
Comestibles
 b - 2 slices of pizza
 c - 4 meat rations
 w - 2 royal jellies


   Skills:
 + Level 5.7 Fighting
 + Level 7.1 Axes
 + Level 0.1 Throwing
 * Level 6.5 Armour
 + Level 1.2 Dodging
 * Level 6.2 Invocations


You had 8 spell levels left.
You didn't know any spells.

Dungeon Overview and Level Annotations

Branches:
Dungeon (9/15)             Temple (0/1) D:4
   Lair: D:8-11         Orc: D:9-12

Altars:
Ashenzari
Elyvilon
Fedhas
Gozag
Nemelex Xobeh
Sif Muna
Uskayaw
Vehumet
Xom
The Shining One

Shops:
D:4 :

Annotations:
D:5 RedPan's ghost, novice DsGl


Innate Abilities, Weirdness & Mutations

Your body is rotting away.
You thrive on raw meat.
You are immune to poison.
You have sharp fingernails.
You are carnivorous and can eat meat at any time.
Your flesh is cold resistant. (rC+)
You are immune to negative energy. (rN+++)
You regenerate slowly when monsters are visible.
You are immune to unholy pain and torment.
You can survive without breathing.


Message History

* * * LOW HITPOINT WARNING * * *
You slash the ogre!
The ogre is severely wounded.
The ogre hits you with a giant club!
* * * LOW HITPOINT WARNING * * *
Unknown command.
Press: ? - help, Shift-Dir - straight line, f/p - ogre
Aim: an ogre, wielding a giant club (severely wounded, chance to defeat MR: 84%)
The ogre barely resists.
You feel somewhat more hungry. The ogre barely misses you.
Press: ? - help, Shift-Dir - straight line, f/p - ogre
Aim: an ogre, wielding a giant club (severely wounded, chance to defeat MR: 84%)
You fail to use your ability.
You hit the ogre.
The ogre is almost dead.
The ogre hits you but does no damage.
You hit the ogre.
The ogre is almost dead.
The ogre hits you with a giant club!
You die...

#.........
###.......... .
.............
..###.)..........
........(........
#.............
#...?.........
#...O.........
#...@.........
#.#...<......#
#.+..........# #
#..........#
....###+#####
######


You could see an ogre.

Vanquished Creatures
  A wyvern (D:8)
  A hungry ghost (D:7)
  The ghost of M4edhros the Chopper, an amateur MiBe of Trog (D:3)
  3 ogres
  A phantom (D:7)
  A centaur (D:6)
  A big kobold (D:7)
  A bullfrog (D:6)
  2 scorpions
  2 killer bees (D:8)
  3 wights (D:7)
  3 howler monkeys (D:6)
  4 crimson imps (D:7)
  2 centaur zombies (D:6)
  A hound (D:4)
  2 jellies
  A quasit (D:7)
  A bullfrog zombie (D:6)
  4 orc priests
  Jessica (D:3)
  6 worker ants
  Ijyb (D:3)
  3 orc wizards
  A howler monkey zombie (D:7)
  5 adders
  An adder skeleton (D:4)
  A worm (D:2)
  2 dart slugs (D:1)
  6 leopard geckos
  19 orcs
  6 bats
  7 giant cockroaches
  12 goblins
  7 hobgoblins
  13 jackals
  15 kobolds
  3 quokkas
  4 frilled lizards
  A jackal zombie (D:7)
  A quokka zombie (D:8)
  5 rats
155 creatures vanquished.

Vanquished Creatures (others)
  An orc warrior (D:6)
  A killer bee (D:8)
  A crimson imp (D:7)
  An orc wizard (D:6)
  An orc (D:6)
  A kobold (D:3)
  A rat (D:3)
7 creatures vanquished.

Grand Total: 162 creatures vanquished

Notes
Turn   | Place    | Note
-------+----------+-------------------------------------------
     0 | Abyss:1  | Gargoyl the Ghoul Abyssal Knight began the quest for the Orb.
     0 | Abyss:1  | Reached XP level 1. HP: 19/19 MP: 1/1
   147 | Abyss:2  | Noticed a ynoxinul
   152 | Abyss:2  | Noticed a shadow
   156 | D:1      | Escaped the Abyss
   247 | D:1      | Reached XP level 2. HP: 26/26 MP: 2/2
   335 | D:1      | Reached skill level 1 in Dodging
   338 | D:1      | Reached * piety under Lugonu
   380 | D:1      | Reached skill level 2 in Axes
   551 | D:1      | Reached XP level 3. HP: 31/31 MP: 3/3
  1304 | D:2      | Found a white marble altar of Elyvilon.
  1906 | D:2      | Reached XP level 4. HP: 32/40 MP: 4/4
  1980 | D:2      | Found a glowing golden altar of the Shining One.
  2378 | D:3      | Reached ** piety under Lugonu
  2421 | D:3      | Noticed Jessica
  2427 | D:3      | Killed Jessica
  2427 | D:3      | Reached skill level 3 in Axes
  2490 | D:3      | Reached XP level 5. HP: 45/46 MP: 5/5
  2521 | D:3      | Noticed Ijyb
  2528 | D:3      | Killed Ijyb
  2547 | D:3      | Noticed M4edhros's ghost (amateur MiBe)
  2802 | D:3      | Killed M4edhros's ghost
  2802 | D:3      | Reached XP level 6. HP: 47/52 MP: 7/7
  2874 | D:3      | Found a glowing golden altar of the Shining One.
  2952 | D:3      | Found a radiant altar of Vehumet.
  2992 | D:3      | Found a blossoming altar of Fedhas.
  2993 | D:3      | Found a shattered altar of Ashenzari.
  3112 | D:3      | Found a hide-covered altar of Uskayaw.
  3170 | D:3      | Reached skill level 4 in Axes
  3293 | D:4      | Found a staircase to the Ecumenical Temple.
  3452 | D:4      | Found Yghuyl's Book Emporium.
  3483 | D:4      | Reached *** piety under Lugonu
  3713 | D:4      | Found a sparkling altar of Nemelex Xobeh.
  3714 | D:4      | Found an opulent altar of Gozag.
  3739 | D:4      | Reached XP level 7. HP: 33/60 MP: 8/8
  3802 | D:5      | Entered Level 5 of the Dungeon
  3839 | D:5      | Noticed RedPan's ghost (novice DsGl)
  4104 | D:6      | HP: 3/60 [orc wizard/magic dart (7)]
  4476 | D:6      | Reached skill level 5 in Axes
  4666 | D:6      | Reached XP level 8. HP: 9/67 MP: 10/10
  5154 | D:6      | Reached skill level 5 in Fighting
  5154 | D:6      | Reached skill level 5 in Invocations
  5393 | D:6      | Reached skill level 5 in Armour
  5513 | D:7      | Reached skill level 6 in Axes
  5572 | D:7      | Found a deep blue altar of Sif Muna.
  6025 | D:7      | Reached XP level 9. HP: 65/74 MP: 12/12
  6694 | D:8      | Found a shimmering altar of Xom.
  6707 | D:7      | Reached skill level 7 in Axes
  6717 | D:8      | Found a shimmering altar of Xom.
  6717 | D:8      | Found a shimmering altar of Xom.
  6722 | D:8      | Found a shimmering altar of Xom.
  6911 | D:9      | Slain by an ogre

Skill      XL: |  1  2  3  4  5  6  7  8  9 |
---------------+----------------------------+-----
Armour         | 2 3 4 5 6 |  6.5
Dodging        | 1 |  1.2
Axes           | 2 3 4 5 6 7 |  7.1
Fighting       | 4 5 |  5.7
Invocations    | 3 4 5 6 |  6.2
Throwing       | |  0.1

Action                   |  1- 3 |  4- 6 |  7- 9 || total
-------------------------+-------+-------+-------++-------
Melee: Hand axe          |   141 |       |       ||   141
       War axe           |     3 |   269 |   440 ||   712
Throw: Tomahawk          |       |       |     3 ||     3
Invok: Depart the Abyss  |     1 |       |       ||     1
       Banish            |       |       |     8 ||     8
  Use: Potion            |       |     3 |     1 ||     4
       Scroll            |       |       |    16 ||    16
  Eat: Chunk             |    16 |    26 |    58 ||   100
Armor: Plate armour      |   135 |   276 |   455 ||   866
Dodge: Dodged            |    42 |    96 |   151 ||   289
Block: Other             |       |       |   113 ||   113
       Reflection        |       |       |     2 ||     2
